CHICAGO Wolves vs CHARLOTTE Checkers

Created - 22 avril 2024 at 11:11

Goals
1 2 3 T
CHICAGO Wolves 3 0 1 4
CHARLOTTE Checkers 0 1 0 1
Shots
1 2 3 T
CHICAGO Wolves 22 8 15 45
CHARLOTTE Checkers 3 8 6 17

1st period

1. CHICAGO Wolves , Jack McBain 74 (Noel Hoefenmayer 58, Lias Andersson 63) at 10:53
2. CHICAGO Wolves , Noel Hoefenmayer 15 (Jack McBain 86, Isaak Phillips 66) at 14:01 (PP)
3. CHICAGO Wolves , Mikko Kokkonen 7 (Kole Lind 41, Nikita Alexandrov 43) at 16:22

Penalties :
Nikita Popugaev (flo) for Holding (Minor) at 6:49, Nick Cicek (flo) for Hooking (Minor) at 11:13, Michael Callahan (flo) for Hooking (Minor) at 13:15

2nd period

4. CHARLOTTE Checkers , Michael Raffl 53 (Josh Brook 38, Michael Sgarbossa 63) at 9:38

Penalties :
Isaak Phillips (car) for Holding (Minor) at 6:33, Martin Pospisil (flo) for Interference (Minor) at 10:29, Nick Cicek (flo) for Roughing (Minor) at 13:41

3rd period

5. CHICAGO Wolves , Jansen Harkins 49 (Morgan Barron 107, Noel Hoefenmayer 59) at 5:06

Penalties :
Hugo Alnefelt (flo) for Delaying the game (Minor) at 1:10 - Michael Raffl served the penalty., Josh Brook (flo) for Cross-checking (Minor) at 10:06, Albin Grewe (flo) for Roughing (Minor) at 14:48

Goalie Stats

Anthony Stolarz (car), 16 saves from 17 shots - (0,941), W, 71-24-3, 60:00 minutes
Hugo Alnefelt (flo), 41 saves from 45 shots - (0,911), L, 40-34-2, 60:00 minutes

Players Stats for CHICAGO Wolves

Player Name              G  A  P  +/- PIM S  H  SB GA TA FO     MP     PP MP  PK MP  
------------------------------------------------------------------------------------
Aleksi Heponiemi         0  0  0   0  0   0  0  0  0  0  0/0     4:46   0:00   0:00 
Chase De Leo             0  0  0   1  0   3  0  0  0  0  1/1    13:25   0:00   0:00 
Glenn Gawdin             0  0  0   0  0   0  1  0  0  0  2/3     4:46   0:00   0:00 
Isaak Phillips           0  1  1   1  2   1  1  0  0  0  0/0    22:43   5:40   0:00 
Jack McBain              1  1  2   1  0   9  3  1  0  0  15/25  20:28   5:59   1:06 
Jansen Harkins           1  0  1   0  0   7  0  0  0  0  0/1    20:46   8:40   0:18 
Joseph Cecconi           0  0  0   0  0   0  1  1  0  0  0/0    23:50   6:19   1:00 
Karson Kuhlman           0  0  0   0  0   2  1  0  0  0  1/2    21:03   8:40   0:35 
Kole Lind                0  1  1   1  0   6  1  0  0  0  0/0    15:34   1:23   0:21 
Lias Andersson           0  1  1   1  0   1  0  0  0  0  1/1    19:10   5:47   0:00 
Mikko Kokkonen           1  0  1   1  0   1  0  1  0  0  0/0    18:04   3:30   0:59 
Morgan Barron            0  1  1   0  0   2  3  0  0  0  17/35  26:20   8:40   1:06 
Nate Schnarr             0  0  0   1  0   0  0  1  0  0  0/0     3:02   0:12   0:18 
Nikita Alexandrov        0  1  1   1  0   4  4  0  0  0  9/16   13:25   0:00   0:00 
Noel Hoefenmayer         1  2  3   1  0   2  2  1  0  0  0/0    25:27   5:58   0:54 
Ondrej Kase              0  0  0   1  0   3  0  0  0  0  0/0    19:57   5:59   0:35 
Roland McKeown           0  0  0   0  0   4  3  1  0  0  0/0    25:14   6:28   0:44 
Zayde Wisdom             0  0  0   0  0   0  0  0  0  0  0/0     0:00   0:00   0:00 

Players Stats for CHARLOTTE Checkers

Player Name              G  A  P  +/- PIM S  H  SB GA TA FO     MP     PP MP  PK MP  
------------------------------------------------------------------------------------
Albin Grewe              0  0  0  -1  2   1  5  0  0  0  1/3    21:59   0:47   6:12 
Alexandre Texier         0  0  0  -1  0   2  0  0  0  0  6/17   18:03   1:12   7:41 
Danny O'Regan            0  0  0   0  0   0  0  0  0  0  5/10    7:17   0:00   0:00 
Josh Brook               0  1  1   0  2   0  5  2  0  0  0/0    22:16   1:12   4:50 
Justin Kirkland          0  0  0  -1  0   0  1  0  0  0  1/1    15:29   0:47   5:32 
Martin Pospisil          0  0  0   0  2   1  1  0  0  0  1/1    11:53   0:00   0:00 
Matt Kiersted            0  0  0   0  0   0  1  2  0  0  0/0    24:43   1:12   7:16 
Max Gildon               0  0  0  -2  0   0  1  1  0  0  0/0    19:29   0:47   6:40 
Michael Callahan         0  0  0   0  2   0  3  0  0  0  0/0    16:47   0:00   1:43 
Michael Raffl            1  0  1  -1  0   4  3  0  0  0  0/1    17:04   1:12   0:51 
Michael Sgarbossa        0  1  1  -1  0   5  0  1  0  0  19/33  24:09   1:12   7:56 
Nick Cicek               0  0  0   0  4   1  0  3  0  0  0/0    16:10   0:00   1:07 
Nick Henry               0  0  0   0  0   2  0  1  0  0  0/0     7:17   0:00   0:00 
Nikita Popugaev          0  0  0  -1  2   0  3  0  0  0  0/0     9:09   0:00   0:00 
Stefan Matteau           0  0  0   0  0   0  1  0  0  0  0/2     7:17   0:00   0:00 
T.J. Tynan               0  0  0   0  0   1  0  1  0  0  5/14   13:47   0:47   1:06 
Tyrell Goulbourne        0  0  0   0  0   0  1  0  0  0  0/2    11:54   0:00   0:00 
Yan Kuznetsov            0  0  0  -2  0   0  0  2  0  0  0/0    20:31   0:47   7:42 

3 Stars

1 - Noel Hoefenmayer (car)
2 - Jack McBain (car)
3 - Mikko Kokkonen (car)

Power Play

CHICAGO Wolves - 1 on 8 Attempt(s) - 12,50%
CHARLOTTE Checkers - 0 on 1 Attempt(s) - 0,00%

Penalty Kill

CHICAGO Wolves - 1 on 1 Attempt(s) - 100,00% - Score 0 goal in Penalty Kill
CHARLOTTE Checkers - 7 on 8 Attempt(s) - 87,50% - Score 0 goal in Penalty Kill

Team Stat

CHICAGO Wolves - Hits : 20 - Faceoff Wins : 46 - Blocked Shots : 6 - Penalty Minutes : 2
CHARLOTTE Checkers - Hits : 25 - Faceoff Wins : 38 - Blocked Shots : 13 - Penalty Minutes : 16

Official

Referees : Unknown
Linesman : Unknown

Game Notes

No Game Note

CHICAGO Wolves

5 vs 5 Forward 
   Center                   Left Wing                Right Wing               Time % Phy DF OF 
 1 Morgan Barron            Jansen Harkins           Karson Kuhlman           40     1   2  2  
 2 Jack McBain              Lias Andersson           Ondrej Kase              30     1   2  2  
 3 Nikita Alexandrov        Chase De Leo             Kole Lind                20     1   2  2  
 4 Glenn Gawdin             Aleksi Heponiemi         Morgan Barron            10     1   2  2  

5 vs 5 Defense 
   Defense                  Defense                                           Time % Phy DF OF 
 1 Noel Hoefenmayer         Isaak Phillips                                    40     1   2  2  
 2 Roland McKeown           Joseph Cecconi                                    30     1   2  2  
 3 Mikko Kokkonen           Noel Hoefenmayer                                  20     1   2  2  
 4 Isaak Phillips           Roland McKeown                                    10     1   2  2  

PowerPlay Forward 
   Center                   Left Wing                Right Wing               Time % Phy DF OF 
 1 Morgan Barron            Jansen Harkins           Karson Kuhlman           60     1   2  2  
 2 Jack McBain              Lias Andersson           Ondrej Kase              40     1   2  2  

PowerPlay Defense
   Defense                  Defense                                           Time % Phy DF OF 
 1 Noel Hoefenmayer         Isaak Phillips                                    60     1   2  2  
 2 Roland McKeown           Joseph Cecconi                                    40     1   2  2  

Penalty Kill 4 Players Forward 
   Center                   Wing                     Time % Phy DF OF 
 1 Morgan Barron            Jack McBain              60     1   2  2  
 2 Karson Kuhlman           Ondrej Kase              40     1   2  2  

Penalty Kill 4 Players Defense
   Defense                  Defense                  Time % Phy DF OF 
 1 Noel Hoefenmayer         Isaak Phillips           60     1   2  2  
 2 Roland McKeown           Joseph Cecconi           40     1   2  2  

Penalty Kill - 3 Players Forward 
   Forward                                           Time % Phy DF OF 
 1 Morgan Barron                                     60     1   2  2  
 2 Jack McBain                                       40     1   2  2  

Penalty Kill - 3 Players Defense
   Defense                  Defense                  Time % Phy DF OF 
 1 Noel Hoefenmayer         Isaak Phillips           60     1   2  2  
 2 Roland McKeown           Joseph Cecconi           40     1   2  2  

4 vs 4 Forward 
   Center                   Wing                     Time % Phy DF OF 
 1 Morgan Barron            Jack McBain              60     1   2  2  
 2 Karson Kuhlman           Ondrej Kase              40     1   2  2  

4 vs 4 Defense
   Defense                  Defense                  Time % Phy DF OF 
 1 Noel Hoefenmayer         Isaak Phillips           60     1   2  2  
 2 Roland McKeown           Joseph Cecconi           40     1   2  2  

Last Minutes Offensive
   Center                   Left Wing                Right Wing               Defense                  Defense                  
   Morgan Barron            Jansen Harkins           Karson Kuhlman           Noel Hoefenmayer         Isaak Phillips           

Last Minutes Defensive
   Center                   Left Wing                Right Wing               Defense                  Defense                  
   Morgan Barron            Jansen Harkins           Karson Kuhlman           Noel Hoefenmayer         Isaak Phillips           

Goaltenders
Starting : Anthony Stolarz          
Backup : Mikhail Berdin           

Extra Forwards
Normal : Nate Schnarr, Zayde Wisdom, Kole Lind - PP : Nate Schnarr, Zayde Wisdom - PK : Kole Lind
Extra Defensemen
Normal : Mikko Kokkonen, Joseph Cecconi, Noel Hoefenmayer - PP : Mikko Kokkonen - PK : Joseph Cecconi, Noel Hoefenmayer
Penalty Shots
Morgan Barron, Jack McBain, Karson Kuhlman, Ondrej Kase, Jansen Harkins

Scratches
Nelson Nogier (Healthy), Sami Niku (Healthy), Luka Burzan (Healthy), Mason Millman (Healthy)

CHARLOTTE Checkers

5 vs 5 Forward 
   Center                   Left Wing                Right Wing               Time % Phy DF OF 
 1 Michael Sgarbossa        Albin Grewe              Michael Raffl            40     1   2  2  
 2 Alexandre Texier         Nikita Popugaev          Justin Kirkland          30     1   2  2  
 3 T.J. Tynan               Tyrell Goulbourne        Martin Pospisil          20     1   2  2  
 4 Danny O'Regan            Stefan Matteau           Nick Henry               10     1   2  2  

5 vs 5 Defense 
   Defense                  Defense                                           Time % Phy DF OF 
 1 Matt Kiersted            Josh Brook                                        40     1   2  2  
 2 Max Gildon               Yan Kuznetsov                                     30     1   2  2  
 3 Michael Callahan         Nick Cicek                                        20     1   2  2  
 4 Matt Kiersted            Josh Brook                                        10     1   2  2  

PowerPlay Forward 
   Center                   Left Wing                Right Wing               Time % Phy DF OF 
 1 Michael Sgarbossa        Alexandre Texier         Michael Raffl            60     1   2  2  
 2 T.J. Tynan               Albin Grewe              Justin Kirkland          40     1   2  2  

PowerPlay Defense
   Defense                  Defense                                           Time % Phy DF OF 
 1 Matt Kiersted            Josh Brook                                        60     1   2  2  
 2 Max Gildon               Yan Kuznetsov                                     40     1   2  2  

Penalty Kill 4 Players Forward 
   Center                   Wing                     Time % Phy DF OF 
 1 Michael Sgarbossa        Albin Grewe              60     1   2  2  
 2 Alexandre Texier         Justin Kirkland          40     1   2  2  

Penalty Kill 4 Players Defense
   Defense                  Defense                  Time % Phy DF OF 
 1 Matt Kiersted            Josh Brook               60     1   2  2  
 2 Max Gildon               Yan Kuznetsov            40     1   2  2  

Penalty Kill - 3 Players Forward 
   Forward                                           Time % Phy DF OF 
 1 Michael Sgarbossa                                 60     1   2  2  
 2 Alexandre Texier                                  40     1   2  2  

Penalty Kill - 3 Players Defense
   Defense                  Defense                  Time % Phy DF OF 
 1 Matt Kiersted            Josh Brook               60     1   3  1  
 2 Max Gildon               Yan Kuznetsov            40     1   3  1  

4 vs 4 Forward 
   Center                   Wing                     Time % Phy DF OF 
 1 Michael Sgarbossa        Albin Grewe              60     1   2  2  
 2 Alexandre Texier         Justin Kirkland          40     1   2  2  

4 vs 4 Defense
   Defense                  Defense                  Time % Phy DF OF 
 1 Matt Kiersted            Josh Brook               60     1   2  2  
 2 Max Gildon               Yan Kuznetsov            40     1   2  2  

Last Minutes Offensive
   Center                   Left Wing                Right Wing               Defense                  Defense                  
   Michael Sgarbossa        Albin Grewe              Michael Raffl            Matt Kiersted            Josh Brook               

Last Minutes Defensive
   Center                   Left Wing                Right Wing               Defense                  Defense                  
   Michael Sgarbossa        Albin Grewe              Michael Raffl            Matt Kiersted            Josh Brook               

Goaltenders
Starting : Hugo Alnefelt            
Backup : Keith Kinkaid            

Extra Forwards
Normal : Michael Sgarbossa, T.J. Tynan, Justin Kirkland - PP : T.J. Tynan, Alexandre Texier - PK : Alexandre Texier
Extra Defensemen
Normal : Matt Kiersted, Yan Kuznetsov, Nick Cicek - PP : Matt Kiersted - PK : Yan Kuznetsov, Michael Callahan
Penalty Shots
Michael Sgarbossa, Michael Raffl, Alexandre Texier, T.J. Tynan, Albin Grewe

Scratches
Jesse Gabrielle (Healthy), Gabriel Gagne (Healthy), Vincent Dunn (Healthy), Igor Shvyrev (Healthy), Justin Almeida (Healthy)

% Time on Ice - CHICAGO Wolves

Lines # - Real PCT - Wanted PCT - Time Play
Normal Forward
1 - 27% - 40% - 11:48
2 - 31% - 30% - 13:23
3 - 31% - 20% - 13:25
4 - 11% - 10% - 4:46
Normal Defense
1 - 28% - 40% - 12:04
2 - 30% - 30% - 13:07
3 - 29% - 20% - 12:26
4 - 13% - 10% - 5:45
PP Forward
1 - 59% - 60% - 8:40
2 - 41% - 40% - 5:59
PP Defense
1 - 46% - 60% - 6:47
2 - 54% - 40% - 7:52
PK Forward
1 - 71% - 60% - 1:24
2 - 29% - 40% - 0:35
PK Defense
1 - 75% - 60% - 1:29
2 - 25% - 40% - 0:30
PK3 Forward
1 - 0% - 60%
2 - 0% - 40%
PK3 Defense
1 - 0% - 60%
2 - 0% - 40%
44 Forward
1 - 0% - 60%
2 - 0% - 40%
44 Defense
1 - 0% - 60%
2 - 0% - 40%
Last Minute Offensive  - 0:00
Last Minute Defensive  - 0:00
Total
Forward - 60:00
Defense - 60:00

% Time on Ice - CHARLOTTE Checkers

Lines # - Real PCT - Wanted PCT - Time Play
Normal Forward
1 - 35% - 40% - 15:01
2 - 21% - 30% - 9:10
3 - 27% - 20% - 11:54
4 - 17% - 10% - 7:17
Normal Defense
1 - 36% - 40% - 15:34
2 - 28% - 30% - 12:02
3 - 35% - 20% - 15:05
4 - 2% - 10% - 0:41
PP Forward
1 - 61% - 60% - 1:12
2 - 39% - 40% - 0:47
PP Defense
1 - 61% - 60% - 1:12
2 - 39% - 40% - 0:47
PK Forward
1 - 67% - 60% - 9:52
2 - 33% - 40% - 4:47
PK Defense
1 - 54% - 60% - 7:59
2 - 46% - 40% - 6:40
PK3 Forward
1 - 0% - 60%
2 - 0% - 40%
PK3 Defense
1 - 0% - 60%
2 - 0% - 40%
44 Forward
1 - 0% - 60%
2 - 0% - 40%
44 Defense
1 - 0% - 60%
2 - 0% - 40%
Last Minute Offensive  - 0:00
Last Minute Defensive  - 0:00
Total
Forward - 60:00
Defense - 60:00

Play-by-Play

1st period


0:01 of 1st period - Michael Sgarbossa wins face-off versus Morgan Barron in neutral zone.
0:19 of 1st period - Shot by Michael Sgarbossa.
0:19 of 1st period - Deflect By Michael Raffl.
0:19 of 1st period - Stopped by Anthony Stolarz without a rebound.
0:20 of 1st period - Justin Kirkland wins face-off versus Jack McBain in CHICAGO Wolves zone.
0:20 of 1st period - Justin Kirkland is hit by Roland McKeown.
0:30 of 1st period - Shot by Ondrej Kase.
0:30 of 1st period - Stopped by Hugo Alnefelt with a rebound.
0:32 of 1st period - Shot by Jack McBain.
0:32 of 1st period - Stopped by Hugo Alnefelt without a rebound.
0:33 of 1st period - Nikita Alexandrov wins face-off versus Tyrell Goulbourne in CHARLOTTE Checkers zone.
0:40 of 1st period - Shot by Kole Lind.
0:40 of 1st period - Shot Blocked by Nick Cicek.
0:50 of 1st period - Shot by Kole Lind.
0:50 of 1st period - Stopped by Hugo Alnefelt without a rebound.
0:51 of 1st period - Glenn Gawdin wins face-off versus Danny O'Regan in CHARLOTTE Checkers zone.
0:56 of 1st period - Shot by Aleksi Heponiemi.
0:56 of 1st period - Shot Blocked by Matt Kiersted.
1:02 of 1st period - Josh Brook is hit by Glenn Gawdin and loses puck.
1:40 of 1st period - Roland McKeown is hit by Albin Grewe and loses puck.
1:57 of 1st period - Shot by Jack McBain.
1:57 of 1st period - Stopped by Hugo Alnefelt without a rebound.
1:58 of 1st period - Jack McBain wins face-off versus Alexandre Texier in CHARLOTTE Checkers zone.
2:21 of 1st period - Icing by Alexandre Texier.
2:22 of 1st period - Alexandre Texier wins face-off versus Nikita Alexandrov in CHARLOTTE Checkers zone.
2:29 of 1st period - Icing by Chase De Leo.
2:30 of 1st period - Nikita Alexandrov wins face-off versus Michael Sgarbossa in CHICAGO Wolves zone.
2:41 of 1st period - Shot by Kole Lind.
2:41 of 1st period - Shot Misses the Net.
3:20 of 1st period - Icing by Nikita Alexandrov.
3:21 of 1st period - Nikita Alexandrov wins face-off versus T.J. Tynan in CHICAGO Wolves zone.
3:33 of 1st period - Shot by T.J. Tynan.
3:33 of 1st period - Deflect By Tyrell Goulbourne.
3:33 of 1st period - Shot Blocked by Joseph Cecconi.
3:37 of 1st period - Shot by T.J. Tynan.
3:37 of 1st period - Stopped by Anthony Stolarz without a rebound.
3:38 of 1st period - Morgan Barron wins face-off versus Alexandre Texier in CHICAGO Wolves zone.
3:38 of 1st period - Morgan Barron is hit by Nikita Popugaev.
4:12 of 1st period - Shot by Morgan Barron.
4:12 of 1st period - Stopped by Hugo Alnefelt without a rebound.
4:13 of 1st period - T.J. Tynan wins face-off versus Jack McBain in CHARLOTTE Checkers zone.
4:13 of 1st period - T.J. Tynan is hit by Jack McBain.
4:42 of 1st period - Shot by Jack McBain.
4:42 of 1st period - Stopped by Hugo Alnefelt with a rebound.
5:04 of 1st period - Shot by Morgan Barron.
5:04 of 1st period - Shot Misses the Net.
5:29 of 1st period - Max Gildon is hit by Nikita Alexandrov and loses puck.
5:34 of 1st period - Shot by Nikita Alexandrov.
5:34 of 1st period - Stopped by Hugo Alnefelt with a rebound.
5:51 of 1st period - Shot by Nikita Alexandrov.
5:51 of 1st period - Stopped by Hugo Alnefelt without a rebound.
5:52 of 1st period - Michael Sgarbossa wins face-off versus Jack McBain in CHARLOTTE Checkers zone.
5:52 of 1st period - Michael Sgarbossa is hit by Jack McBain.
6:17 of 1st period - Shot by Michael Raffl.
6:17 of 1st period - Shot Misses the Net.
6:49 of 1st period - Minor Penalty to Nikita Popugaev for Holding.
6:50 of 1st period - Morgan Barron wins face-off versus Michael Sgarbossa in CHARLOTTE Checkers zone.
6:51 of 1st period - Shot by Jansen Harkins.
6:51 of 1st period - Deflect By Morgan Barron.
6:51 of 1st period - Stopped by Hugo Alnefelt without a rebound.
6:52 of 1st period - Michael Sgarbossa wins face-off versus Morgan Barron in CHARLOTTE Checkers zone.
7:09 of 1st period - Shot by Joseph Cecconi.
7:09 of 1st period - Shot Blocked by Matt Kiersted.
7:11 of 1st period - Shot by Roland McKeown.
7:11 of 1st period - Stopped by Hugo Alnefelt without a rebound.
7:12 of 1st period - Alexandre Texier wins face-off versus Morgan Barron in CHARLOTTE Checkers zone.
8:16 of 1st period - Shot by Kole Lind.
8:16 of 1st period - Stopped by Hugo Alnefelt without a rebound.
8:17 of 1st period - Jack McBain wins face-off versus Albin Grewe in CHARLOTTE Checkers zone.
8:28 of 1st period - Shot by Jack McBain.
8:28 of 1st period - Deflect By Ondrej Kase.
8:28 of 1st period - Shot Blocked by Max Gildon.
9:03 of 1st period - Icing by Mikko Kokkonen.
9:04 of 1st period - Chase De Leo wins face-off versus T.J. Tynan in CHICAGO Wolves zone.
9:10 of 1st period - Mikko Kokkonen is hit by Michael Callahan and loses puck.
9:37 of 1st period - Shot by Martin Pospisil.
9:37 of 1st period - Shot Misses the Net.
10:39 of 1st period - Shot by Jack McBain.
10:39 of 1st period - Shot Misses the Net.
10:41 of 1st period - Shot by Ondrej Kase.
10:41 of 1st period - Shot Misses the Net.
10:45 of 1st period - Shot by Lias Andersson.
10:45 of 1st period - Stopped by Hugo Alnefelt with a rebound.
10:47 of 1st period - Shot by Ondrej Kase.
10:47 of 1st period - Stopped by Hugo Alnefelt with a rebound.
10:49 of 1st period - Shot by Lias Andersson.
10:49 of 1st period - Deflect By Jack McBain.
10:49 of 1st period - Stopped by Hugo Alnefelt with a rebound.
10:51 of 1st period - Shot by Noel Hoefenmayer.
10:51 of 1st period - Stopped by Hugo Alnefelt with a rebound.
10:53 of 1st period - Shot by Jack McBain.
10:53 of 1st period - Goal by Jack McBain - CHICAGO Wolves : 1 - CHARLOTTE Checkers : 0.
10:54 of 1st period - Glenn Gawdin wins face-off versus Danny O'Regan in neutral zone.
10:54 of 1st period - Morgan Barron is hit by Stefan Matteau.
11:11 of 1st period - Morgan Barron is hit by Michael Callahan and loses puck.
11:13 of 1st period - Minor Penalty to Nick Cicek for Hooking.
11:14 of 1st period - Michael Sgarbossa wins face-off versus Jack McBain in CHARLOTTE Checkers zone.
12:48 of 1st period - Shot by Mikko Kokkonen.
12:48 of 1st period - Shot Misses the Net.
12:50 of 1st period - Shot by Mikko Kokkonen.
12:50 of 1st period - Shot Misses the Net.
13:15 of 1st period - Minor Penalty to Michael Callahan for Hooking.
13:16 of 1st period - Morgan Barron wins face-off versus Michael Sgarbossa in CHARLOTTE Checkers zone.
14:01 of 1st period - Shot by Noel Hoefenmayer.
14:01 of 1st period - Goal by Noel Hoefenmayer - CHICAGO Wolves : 2 - CHARLOTTE Checkers : 0.
14:02 of 1st period - Nikita Alexandrov wins face-off versus Danny O'Regan in neutral zone.
14:05 of 1st period - Shot by Mikko Kokkonen.
14:05 of 1st period - Shot Blocked by Nick Henry.
14:10 of 1st period - Off-side.
14:11 of 1st period - Nikita Alexandrov wins face-off versus T.J. Tynan in neutral zone.
14:11 of 1st period - Nikita Alexandrov is hit by Martin Pospisil.
14:17 of 1st period - Shot by Chase De Leo.
14:17 of 1st period - Stopped by Hugo Alnefelt without a rebound.
14:18 of 1st period - Jack McBain wins face-off versus Stefan Matteau in CHARLOTTE Checkers zone.
15:15 of 1st period - Icing by Morgan Barron.
15:16 of 1st period - Michael Sgarbossa wins face-off versus Morgan Barron in CHICAGO Wolves zone.
15:44 of 1st period - Icing by Karson Kuhlman.
15:45 of 1st period - Morgan Barron wins face-off versus Alexandre Texier in CHICAGO Wolves zone.
16:20 of 1st period - Shot by Kole Lind.
16:20 of 1st period - Shot Misses the Net.
16:22 of 1st period - Shot by Mikko Kokkonen.
16:22 of 1st period - Goal by Mikko Kokkonen - CHICAGO Wolves : 3 - CHARLOTTE Checkers : 0.
16:23 of 1st period - Michael Sgarbossa wins face-off versus Jack McBain in neutral zone.
16:38 of 1st period - Shot by Michael Raffl.
16:38 of 1st period - Stopped by Anthony Stolarz without a rebound.
16:39 of 1st period - Nikita Alexandrov wins face-off versus T.J. Tynan in CHICAGO Wolves zone.
16:41 of 1st period - Icing by Kole Lind.
16:42 of 1st period - Michael Sgarbossa wins face-off versus Nikita Alexandrov in CHICAGO Wolves zone.
16:53 of 1st period - Shot by Chase De Leo.
16:53 of 1st period - Deflect By Kole Lind.
16:53 of 1st period - Shot Blocked by Yan Kuznetsov.
16:55 of 1st period - Shot by Kole Lind.
16:55 of 1st period - Shot Misses the Net.
16:57 of 1st period - Shot by Roland McKeown.
16:57 of 1st period - Stopped by Hugo Alnefelt without a rebound.
16:58 of 1st period - Morgan Barron wins face-off versus Alexandre Texier in CHARLOTTE Checkers zone.
17:11 of 1st period - Shot by Jansen Harkins.
17:11 of 1st period - Stopped by Hugo Alnefelt with a rebound.
17:13 of 1st period - Shot by Jansen Harkins.
17:13 of 1st period - Stopped by Hugo Alnefelt without a rebound.
17:14 of 1st period - Jack McBain wins face-off versus Michael Sgarbossa in CHARLOTTE Checkers zone.
17:15 of 1st period - Shot by Ondrej Kase.
17:15 of 1st period - Shot Misses the Net.
17:25 of 1st period - Shot by Michael Sgarbossa.
17:25 of 1st period - Shot Misses the Net.
18:06 of 1st period - Icing by Joseph Cecconi.
18:07 of 1st period - Alexandre Texier wins face-off versus Jack McBain in CHICAGO Wolves zone.
19:01 of 1st period - Icing by Michael Callahan.
19:02 of 1st period - T.J. Tynan wins face-off versus Morgan Barron in CHARLOTTE Checkers zone.
19:09 of 1st period - Noel Hoefenmayer is hit by Tyrell Goulbourne and loses puck.
Goals for this period are 3 for CHICAGO Wolves vs 0 for CHARLOTTE Checkers.
Shots for this period are 22 for CHICAGO Wolves vs 3 for CHARLOTTE Checkers.

2nd period


0:01 of 2nd period - Morgan Barron wins face-off versus Michael Sgarbossa in neutral zone.
0:14 of 2nd period - Shot by Jansen Harkins.
0:14 of 2nd period - Shot Misses the Net.
0:45 of 2nd period - Icing by Josh Brook.
0:46 of 2nd period - Michael Sgarbossa wins face-off versus Jack McBain in CHARLOTTE Checkers zone.
0:46 of 2nd period - Michael Sgarbossa is hit by Jack McBain.
1:43 of 2nd period - Shot by Nikita Alexandrov.
1:43 of 2nd period - Stopped by Hugo Alnefelt without a rebound.
1:44 of 2nd period - Danny O'Regan wins face-off versus Morgan Barron in CHARLOTTE Checkers zone.
1:57 of 2nd period - Shot by Danny O'Regan.
1:57 of 2nd period - Shot Misses the Net.
2:57 of 2nd period - Shot by T.J. Tynan.
2:57 of 2nd period - Shot Misses the Net.
2:59 of 2nd period - Shot by Yan Kuznetsov.
2:59 of 2nd period - Shot Misses the Net.
3:58 of 2nd period - Roland McKeown is hit by Michael Raffl and loses puck.
4:19 of 2nd period - Shot by Michael Raffl.
4:19 of 2nd period - Shot Misses the Net.
4:21 of 2nd period - Shot by Michael Sgarbossa.
4:21 of 2nd period - Shot Misses the Net.
4:40 of 2nd period - Icing by Yan Kuznetsov.
4:41 of 2nd period - Danny O'Regan wins face-off versus Morgan Barron in CHARLOTTE Checkers zone.
4:50 of 2nd period - Shot by Jansen Harkins.
4:50 of 2nd period - Shot Blocked by Yan Kuznetsov.
4:52 of 2nd period - Shot by Jansen Harkins.
4:52 of 2nd period - Stopped by Hugo Alnefelt without a rebound.
4:53 of 2nd period - Jack McBain wins face-off versus T.J. Tynan in CHARLOTTE Checkers zone.
5:19 of 2nd period - Icing by Martin Pospisil.
5:20 of 2nd period - Morgan Barron wins face-off versus T.J. Tynan in CHARLOTTE Checkers zone.
5:56 of 2nd period - Shot by Michael Raffl.
5:56 of 2nd period - Stopped by Anthony Stolarz without a rebound.
5:57 of 2nd period - Jack McBain wins face-off versus Alexandre Texier in CHICAGO Wolves zone.
6:16 of 2nd period - Shot by Alexandre Texier.
6:16 of 2nd period - Shot Blocked by Nate Schnarr.
6:18 of 2nd period - Shot by Justin Kirkland.
6:18 of 2nd period - Deflect By Alexandre Texier.
6:18 of 2nd period - Stopped by Anthony Stolarz without a rebound.
6:19 of 2nd period - Michael Sgarbossa wins face-off versus Glenn Gawdin in CHICAGO Wolves zone.
6:26 of 2nd period - Shot by Michael Sgarbossa.
6:26 of 2nd period - Stopped by Anthony Stolarz without a rebound.
6:27 of 2nd period - Albin Grewe wins face-off versus Morgan Barron in CHICAGO Wolves zone.
6:27 of 2nd period - Michael Raffl is hit by Isaak Phillips and loses puck.
6:33 of 2nd period - Minor Penalty to Isaak Phillips for Holding.
6:34 of 2nd period - Michael Sgarbossa wins face-off versus Morgan Barron in CHICAGO Wolves zone.
6:35 of 2nd period - Shot by Matt Kiersted.
6:35 of 2nd period - Shot Blocked by Jack McBain.
6:37 of 2nd period - Shot by Michael Sgarbossa.
6:37 of 2nd period - Stopped by Anthony Stolarz without a rebound.
6:38 of 2nd period - Morgan Barron wins face-off versus Michael Sgarbossa in CHICAGO Wolves zone.
8:03 of 2nd period - Kole Lind is hit by Albin Grewe and loses puck.
8:52 of 2nd period - Nick Cicek is hit by Kole Lind and loses puck.
9:01 of 2nd period - Shot by Kole Lind.
9:01 of 2nd period - Stopped by Hugo Alnefelt without a rebound.
9:02 of 2nd period - Morgan Barron wins face-off versus Tyrell Goulbourne in CHARLOTTE Checkers zone.
9:13 of 2nd period - Shot by Jansen Harkins.
9:13 of 2nd period - Stopped by Hugo Alnefelt without a rebound.
9:14 of 2nd period - Jack McBain wins face-off versus Alexandre Texier in CHARLOTTE Checkers zone.
9:32 of 2nd period - Shot by Nick Cicek.
9:32 of 2nd period - Stopped by Anthony Stolarz without a rebound.
9:33 of 2nd period - Michael Sgarbossa wins face-off versus Morgan Barron in CHICAGO Wolves zone.
9:38 of 2nd period - Shot by Michael Raffl.
9:38 of 2nd period - Goal by Michael Raffl - CHICAGO Wolves : 3 - CHARLOTTE Checkers : 1.
9:39 of 2nd period - Morgan Barron wins face-off versus Michael Sgarbossa in neutral zone.
10:02 of 2nd period - Shot by Michael Sgarbossa.
10:02 of 2nd period - Stopped by Anthony Stolarz with a rebound.
10:05 of 2nd period - Icing by Isaak Phillips.
10:06 of 2nd period - Morgan Barron wins face-off versus Alexandre Texier in CHICAGO Wolves zone.
10:06 of 2nd period - Morgan Barron is hit by Nikita Popugaev.
10:14 of 2nd period - Shot by Karson Kuhlman.
10:14 of 2nd period - Stopped by Hugo Alnefelt without a rebound.
10:15 of 2nd period - Jack McBain wins face-off versus T.J. Tynan in CHARLOTTE Checkers zone.
10:29 of 2nd period - Minor Penalty to Martin Pospisil for Interference.
10:30 of 2nd period - Michael Sgarbossa wins face-off versus Morgan Barron in CHARLOTTE Checkers zone.
10:58 of 2nd period - Max Gildon is hit by Morgan Barron and loses puck.
11:04 of 2nd period - Yan Kuznetsov is hit by Roland McKeown and loses puck.
11:34 of 2nd period - Shot by Ondrej Kase.
11:34 of 2nd period - Shot Misses the Net.
12:31 of 2nd period - Kole Lind is hit by Michael Callahan and loses puck.
12:46 of 2nd period - Shot by Martin Pospisil.
12:46 of 2nd period - Stopped by Anthony Stolarz without a rebound.
12:47 of 2nd period - Danny O'Regan wins face-off versus Jack McBain in CHICAGO Wolves zone.
12:50 of 2nd period - Shot by Danny O'Regan.
12:50 of 2nd period - Shot Misses the Net.
13:01 of 2nd period - Ondrej Kase is hit by Josh Brook and loses puck.
13:11 of 2nd period - Ondrej Kase is hit by Josh Brook and loses puck.
13:41 of 2nd period - Minor Penalty to Nick Cicek for Roughing.
13:42 of 2nd period - Karson Kuhlman wins face-off versus Michael Sgarbossa in CHARLOTTE Checkers zone.
13:45 of 2nd period - Shot by Jansen Harkins.
13:45 of 2nd period - Stopped by Hugo Alnefelt without a rebound.
13:46 of 2nd period - Morgan Barron wins face-off versus Albin Grewe in CHARLOTTE Checkers zone.
13:55 of 2nd period - Shot by Karson Kuhlman.
13:55 of 2nd period - Shot Blocked by Michael Sgarbossa.
14:05 of 2nd period - Shot by Morgan Barron.
14:05 of 2nd period - Shot Misses the Net.
14:07 of 2nd period - Shot by Morgan Barron.
14:07 of 2nd period - Deflect By Karson Kuhlman.
14:07 of 2nd period - Stopped by Hugo Alnefelt with a rebound.
14:28 of 2nd period - Icing by Jack McBain.
14:29 of 2nd period - Jack McBain wins face-off versus Michael Sgarbossa in CHICAGO Wolves zone.
15:54 of 2nd period - Shot by Kole Lind.
15:54 of 2nd period - Shot Blocked by Nick Cicek.
15:56 of 2nd period - Shot by Chase De Leo.
15:56 of 2nd period - Stopped by Hugo Alnefelt without a rebound.
15:57 of 2nd period - Morgan Barron wins face-off versus Stefan Matteau in CHARLOTTE Checkers zone.
16:09 of 2nd period - Icing by Stefan Matteau.
16:10 of 2nd period - Danny O'Regan wins face-off versus Nikita Alexandrov in CHARLOTTE Checkers zone.
16:10 of 2nd period - Danny O'Regan is hit by Nikita Alexandrov.
16:43 of 2nd period - Icing by Kole Lind.
16:44 of 2nd period - Michael Sgarbossa wins face-off versus Nikita Alexandrov in CHICAGO Wolves zone.
16:53 of 2nd period - Shot by Michael Raffl.
16:53 of 2nd period - Shot Misses the Net.
17:09 of 2nd period - Shot by Michael Sgarbossa.
17:09 of 2nd period - Shot Misses the Net.
17:27 of 2nd period - Josh Brook is hit by Morgan Barron and loses puck.
17:41 of 2nd period - Jansen Harkins is hit by Josh Brook and loses puck.
18:42 of 2nd period - Icing by Roland McKeown.
18:43 of 2nd period - Jack McBain wins face-off versus Alexandre Texier in CHICAGO Wolves zone.
18:55 of 2nd period - Off-side.
18:56 of 2nd period - T.J. Tynan wins face-off versus Morgan Barron in neutral zone.
19:52 of 2nd period - Shot by Chase De Leo.
19:52 of 2nd period - Shot Misses the Net.
Goals for this period are 0 for CHICAGO Wolves vs 1 for CHARLOTTE Checkers.
Shots for this period are 8 for CHICAGO Wolves vs 8 for CHARLOTTE Checkers.

3rd period


0:01 of 3rd period - Morgan Barron wins face-off versus Michael Sgarbossa in neutral zone.
0:01 of 3rd period - Morgan Barron is hit by Albin Grewe.
0:16 of 3rd period - Karson Kuhlman is hit by Josh Brook and loses puck.
0:36 of 3rd period - Morgan Barron is hit by Matt Kiersted and loses puck.
0:53 of 3rd period - Shot by Jack McBain.
0:53 of 3rd period - Stopped by Hugo Alnefelt with a rebound.
0:58 of 3rd period - Icing by Matt Kiersted.
0:59 of 3rd period - Nikita Alexandrov wins face-off versus Michael Sgarbossa in CHARLOTTE Checkers zone.
1:00 of 3rd period - Shot by Chase De Leo.
1:00 of 3rd period - Stopped by Hugo Alnefelt with a rebound.
1:02 of 3rd period - Shot by Kole Lind.
1:02 of 3rd period - Shot Blocked by Josh Brook.
1:04 of 3rd period - Shot by Nikita Alexandrov.
1:04 of 3rd period - Shot Misses the Net.
1:06 of 3rd period - Shot by Roland McKeown.
1:06 of 3rd period - Shot Misses the Net.
1:08 of 3rd period - Shot by Joseph Cecconi.
1:08 of 3rd period - Shot Misses the Net.
1:10 of 3rd period - Shot by Roland McKeown.
1:10 of 3rd period - Stopped by Hugo Alnefelt without a rebound.
1:10 of 3rd period - Minor Penalty to Hugo Alnefelt for Delaying the game.
1:11 of 3rd period - Jack McBain wins face-off versus Alexandre Texier in CHARLOTTE Checkers zone.
2:14 of 3rd period - Shot by Jansen Harkins.
2:14 of 3rd period - Stopped by Hugo Alnefelt without a rebound.
2:15 of 3rd period - Michael Sgarbossa wins face-off versus Morgan Barron in CHARLOTTE Checkers zone.
2:42 of 3rd period - Shot by Karson Kuhlman.
2:42 of 3rd period - Shot Misses the Net.
2:44 of 3rd period - Shot by Isaak Phillips.
2:44 of 3rd period - Shot Misses the Net.
3:16 of 3rd period - Shot by Nikita Alexandrov.
3:16 of 3rd period - Stopped by Hugo Alnefelt without a rebound.
3:17 of 3rd period - T.J. Tynan wins face-off versus Nikita Alexandrov in CHARLOTTE Checkers zone.
3:39 of 3rd period - Shot by Kole Lind.
3:39 of 3rd period - Shot Blocked by Nick Cicek.
3:41 of 3rd period - Shot by Chase De Leo.
3:41 of 3rd period - Shot Misses the Net.
4:12 of 3rd period - Shot by Danny O'Regan.
4:12 of 3rd period - Deflect By Stefan Matteau.
4:12 of 3rd period - Shot Blocked by Roland McKeown.
4:55 of 3rd period - Morgan Barron is hit by Max Gildon and loses puck.
5:06 of 3rd period - Shot by Jansen Harkins.
5:06 of 3rd period - Goal by Jansen Harkins - CHICAGO Wolves : 4 - CHARLOTTE Checkers : 1.
5:07 of 3rd period - Nikita Alexandrov wins face-off versus Alexandre Texier in neutral zone.
5:07 of 3rd period - Nikita Alexandrov is hit by Justin Kirkland.
5:13 of 3rd period - Nikita Alexandrov is hit by Nikita Popugaev and loses puck.
6:16 of 3rd period - Icing by Josh Brook.
6:17 of 3rd period - Jack McBain wins face-off versus T.J. Tynan in CHARLOTTE Checkers zone.
6:20 of 3rd period - Shot by Ondrej Kase.
6:20 of 3rd period - Shot Blocked by Josh Brook.
6:26 of 3rd period - Shot by Jack McBain.
6:26 of 3rd period - Stopped by Hugo Alnefelt without a rebound.
6:27 of 3rd period - Nikita Alexandrov wins face-off versus Michael Raffl in CHARLOTTE Checkers zone.
6:56 of 3rd period - Shot by Chase De Leo.
6:56 of 3rd period - Shot Misses the Net.
7:19 of 3rd period - Off-side.
7:20 of 3rd period - Jack McBain wins face-off versus T.J. Tynan in neutral zone.
7:47 of 3rd period - Shot by Jack McBain.
7:47 of 3rd period - Stopped by Hugo Alnefelt with a rebound.
7:49 of 3rd period - Shot by Lias Andersson.
7:49 of 3rd period - Shot Misses the Net.
8:12 of 3rd period - Icing by Roland McKeown.
8:13 of 3rd period - Morgan Barron wins face-off versus Michael Sgarbossa in CHICAGO Wolves zone.
8:13 of 3rd period - Morgan Barron is hit by Michael Raffl.
9:10 of 3rd period - Shot by Kole Lind.
9:10 of 3rd period - Stopped by Hugo Alnefelt without a rebound.
9:11 of 3rd period - Jack McBain wins face-off versus Danny O'Regan in CHARLOTTE Checkers zone.
9:14 of 3rd period - Shot by Ondrej Kase.
9:14 of 3rd period - Stopped by Hugo Alnefelt without a rebound.
9:15 of 3rd period - Alexandre Texier wins face-off versus Karson Kuhlman in CHARLOTTE Checkers zone.
9:40 of 3rd period - Shot by Alexandre Texier.
9:40 of 3rd period - Stopped by Anthony Stolarz without a rebound.
9:41 of 3rd period - Michael Sgarbossa wins face-off versus Jack McBain in CHICAGO Wolves zone.
9:42 of 3rd period - Shot by Josh Brook.
9:42 of 3rd period - Shot Misses the Net.
9:44 of 3rd period - Shot by Albin Grewe.
9:44 of 3rd period - Stopped by Anthony Stolarz without a rebound.
9:45 of 3rd period - Jack McBain wins face-off versus Michael Sgarbossa in CHICAGO Wolves zone.
9:45 of 3rd period - Jack McBain is hit by Albin Grewe.
9:48 of 3rd period - Lias Andersson is hit by Michael Raffl and loses puck.
10:04 of 3rd period - Jack McBain is hit by Josh Brook and loses puck.
10:06 of 3rd period - Minor Penalty to Josh Brook for Cross-checking.
10:07 of 3rd period - Michael Sgarbossa wins face-off versus Morgan Barron in CHARLOTTE Checkers zone.
10:07 of 3rd period - Michael Sgarbossa is hit by Karson Kuhlman.
10:25 of 3rd period - Shot by Jansen Harkins.
10:25 of 3rd period - Shot Misses the Net.
10:48 of 3rd period - Icing by Jansen Harkins.
10:49 of 3rd period - Morgan Barron wins face-off versus Alexandre Texier in CHICAGO Wolves zone.
10:55 of 3rd period - Icing by Isaak Phillips.
10:56 of 3rd period - Alexandre Texier wins face-off versus Morgan Barron in CHICAGO Wolves zone.
11:05 of 3rd period - Yan Kuznetsov is hit by Morgan Barron and loses puck.
11:34 of 3rd period - Shot by Jack McBain.
11:34 of 3rd period - Stopped by Hugo Alnefelt with a rebound.
12:02 of 3rd period - Isaak Phillips is hit by Albin Grewe and loses puck.
12:13 of 3rd period - Shot by Kole Lind.
12:13 of 3rd period - Stopped by Hugo Alnefelt without a rebound.
12:14 of 3rd period - Michael Sgarbossa wins face-off versus Nikita Alexandrov in CHARLOTTE Checkers zone.
12:14 of 3rd period - Michael Sgarbossa is hit by Nikita Alexandrov.
12:47 of 3rd period - Michael Sgarbossa is hit by Joseph Cecconi and loses puck.
13:01 of 3rd period - Off-side.
13:02 of 3rd period - Morgan Barron wins face-off versus Danny O'Regan in neutral zone.
13:16 of 3rd period - Icing by Noel Hoefenmayer.
13:17 of 3rd period - T.J. Tynan wins face-off versus Jansen Harkins in CHICAGO Wolves zone.
13:32 of 3rd period - Shot by Max Gildon.
13:32 of 3rd period - Shot Misses the Net.
13:56 of 3rd period - Shot by Jack McBain.
13:56 of 3rd period - Shot Blocked by T.J. Tynan.
13:58 of 3rd period - Shot by Isaak Phillips.
13:58 of 3rd period - Stopped by Hugo Alnefelt without a rebound.
13:59 of 3rd period - Lias Andersson wins face-off versus Michael Sgarbossa in CHARLOTTE Checkers zone.
14:02 of 3rd period - Shot by Ondrej Kase.
14:02 of 3rd period - Shot Misses the Net.
14:48 of 3rd period - Minor Penalty to Albin Grewe for Roughing.
14:49 of 3rd period - Alexandre Texier wins face-off versus Morgan Barron in CHARLOTTE Checkers zone.
14:55 of 3rd period - Icing by Morgan Barron.
14:56 of 3rd period - Michael Sgarbossa wins face-off versus Morgan Barron in CHICAGO Wolves zone.
16:18 of 3rd period - Shot by Roland McKeown.
16:18 of 3rd period - Stopped by Hugo Alnefelt without a rebound.
16:19 of 3rd period - Michael Sgarbossa wins face-off versus Morgan Barron in CHARLOTTE Checkers zone.
16:28 of 3rd period - Shot by Alexandre Texier.
16:28 of 3rd period - Shot Blocked by Mikko Kokkonen.
16:52 of 3rd period - Shot by Kole Lind.
16:52 of 3rd period - Stopped by Hugo Alnefelt without a rebound.
16:53 of 3rd period - Danny O'Regan wins face-off versus Nikita Alexandrov in CHARLOTTE Checkers zone.
16:53 of 3rd period - Danny O'Regan is hit by Nikita Alexandrov.
17:11 of 3rd period - Shot by Nick Henry.
17:11 of 3rd period - Stopped by Anthony Stolarz with a rebound.
17:13 of 3rd period - Shot by Nick Henry.
17:13 of 3rd period - Stopped by Anthony Stolarz without a rebound.
17:14 of 3rd period - Martin Pospisil wins face-off versus Jack McBain in CHICAGO Wolves zone.
17:46 of 3rd period - T.J. Tynan is hit by Roland McKeown.
18:07 of 3rd period - Josh Brook is hit by Noel Hoefenmayer and loses puck.
18:44 of 3rd period - Shot by Michael Sgarbossa.
18:44 of 3rd period - Stopped by Anthony Stolarz with a rebound.
18:46 of 3rd period - Shot by Michael Sgarbossa.
18:46 of 3rd period - Stopped by Anthony Stolarz with a rebound.
19:26 of 3rd period - Max Gildon is hit by Noel Hoefenmayer and loses puck.
19:39 of 3rd period - Shot by Danny O'Regan.
19:39 of 3rd period - Shot Blocked by Noel Hoefenmayer.
Goals for this period are 1 for CHICAGO Wolves vs 0 for CHARLOTTE Checkers.
Shots for this period are 15 for CHICAGO Wolves vs 6 for CHARLOTTE Checkers. Output by the SimonT Hockey Simulator (STHS) for Martin Benoit - Original Page W3C HTML5 Valid
Hockey Simulator - Hockey Simulation - Hockey Manager